Map: Ephemeron LE

Players

Caerwyn

  • Race: Terran Terran
  • Spawn Location: 11:00

Bioice - Winner!

  • Race: Zerg Zerg
  • Spawn Location: 5:00

VOD

Have the link to the VOD?

Description

Time

  • Played on: Sept. 6, 2019, 4:05 p.m.
  • Length: 8:58
Show
View Real Time Build Order
Export as new Build Order

Caerwyn Terran 

Build Orders: 2 Factory, Reaper Expand, Mech 

Get SALT Encoding   

  12  0:00  SCV  
  13  0:12  SCV  
  14  0:18  Supply Depot  
  14  0:25  SCV  
  15  0:39  SCV  
  15  0:40  Barracks  
  16  0:45  Refinery  
  16  0:51  SCV  
  17  1:03  SCV  
  18  1:15  SCV  
  19  1:28  Reaper  
  19  1:30  Orbital Command  
  20  1:44  Command Center  
  20  1:52  Supply Depot  
  20  1:56  SCV  
  20  2:01  Marine  
  22  2:13  Factory  
  22  2:14  SCV  
  23  2:17  Refinery  
  23  2:21  Barracks Reactor  
  23  2:26  SCV  
  24  2:38  SCV  
  25  2:50  SCV  
  26  2:55  Orbital Command  
  26  3:02  Factory  
  26  3:06  Hellion x2  
  26  3:08  SCV  
  26  3:09  Barracks Tech Lab  
  31  3:20  SCV  
  31  3:21  SCV, Supply Depot  
  33  3:32  SCV  
  33  3:33  SCV  
  35  3:37  Hellion x2  
  38  3:44  SCV  
  38  3:45  SCV  
  40  3:52  Infernal Pre-Igniter  
  40  3:53  Cyclone  
  43  3:56  SCV  
  43  3:57  SCV  
  43  3:58  Supply Depot  
  47  4:03  Hellion  
  47  4:04  Hellion  
  47  4:08  SCV  
  47  4:09  SCV  
  51  4:20  SCV  
  51  4:21  Command Center, SCV  
  55  4:24  Hellion  
  55  4:30  Hellion  
  55  4:31  Hellion  
  59  4:34  SCV  
  60  4:40  Supply Depot  
  60  4:42  SCV  
  60  4:44  Supply Depot  
  61  4:46  SCV  
  62  4:58  Refinery x2  
  62  5:00  Barracks Tech Lab  
  62  5:01  SCV x2, Hellion x2  
  62  5:04  Factory  
  68  5:12  Siege Tank  
  68  5:13  SCV  
  72  5:15  Armory  
  72  5:19  Armory  
  72  5:23  SCV  
  72  5:24  Hellion x2  
  72  5:25  SCV  
  76  5:44  Siege Tank  
  76  5:45  Orbital Command  
  79  5:52  SCV x2  
  79  5:56  Engineering Bay  
  81  5:57  Hellion x2  
  85  6:04  SCV x2  
  85  6:06  Siege Tank, Smart Servos  
  85  6:08  Terran Vehicle Weapons Level 1  
  90  6:16  SCV x2  
  92  6:39  Terran Vehicle And Ship Armor Level 1  
  92  6:42  Starport  
  92  6:44  Orbital Command  
  92  6:49  Supply Depot  
  92  6:50  Supply Depot  
  92  6:52  SCV  
  93  6:58  Supply Depot  
  93  7:04  Refinery  
  93  7:06  Refinery  
  93  7:08  Missile Turret  
  93  7:10  Siege Tank x2, SCV x2, Hellion x2  
  101  7:20  Starport Reactor  
  101  7:23  SCV, Hellion x6  
  101  7:24  SCV  
  103  7:42  Siege Tank x2  
  104  7:47  Hellion  
  104  7:48  SCV x2  
  106  7:56  Hellion  
  106  7:58  SCV, Viking x2  
  108  8:00  SCV x2  
  111  8:10  SCV, Factory  
  111  8:11  Factory  
  111  8:12  SCV  
  113  8:13  Command Center  
  113  8:14  Siege Tank x2  
  113  8:17  Supply Depot  
  117  8:24  Hellion  
  115  8:33  Hellion  
  117  8:36  Missile Turret  
  117  8:38  Missile Turret  
  117  8:45  Supply Depot  
Show
View Real Time Build Order
Export as new Build Order

Bioice Zerg - Winner!

Build Orders: Hatch First 

Get SALT Encoding   

  12  0:03  Drone  
  13  0:17  Overlord  
  13  0:18  Drone  
  14  0:35  Drone  
  14  0:36  Drone  
  16  0:48  Hatchery  
  15  0:52  Drone  
  16  0:57  Drone  
  16  1:01  Drone  
  18  1:07  Extractor  
  17  1:17  Spawning Pool  
  16  1:19  Drone  
  16  1:21  Drone  
  18  1:33  Drone  
  19  1:43  Drone  
  20  1:54  Drone  
  21  2:04  Queen  
  21  2:05  Queen  
  21  2:07  Zergling x4  
  27  2:17  Hatchery  
  26  2:23  Overlord  
  26  2:34  Metabolic Boost  
  26  2:35  Drone x2  
  28  2:41  Drone x3  
  31  2:54  Queen  
  31  2:56  Overlord  
  33  3:00  Drone x2  
  33  3:01  Drone  
  36  3:16  Drone x2  
  36  3:17  Drone  
  36  3:18  Overlord  
  39  3:20  Drone  
  39  3:22  Drone  
  39  3:24  Drone  
  42  3:30  Drone x2  
  44  3:36  Drone  
  45  3:42  Queen x2  
  45  3:43  Queen  
  45  3:47  Overlord  
  51  3:48  Drone  
  51  3:49  Drone  
  51  3:52  Overlord  
  51  3:54  Drone  
  51  3:55  Drone  
  55  3:57  Drone x2  
  55  4:00  Drone  
  58  4:05  Roach Warren  
  58  4:08  Overlord  
  57  4:14  Drone  
  57  4:15  Drone  
  57  4:16  Evolution Chamber x2  
  57  4:25  Queen  
  57  4:27  Queen  
  57  4:29  Overlord  
  57  4:30  Drone  
  57  4:31  Drone  
  63  4:34  Overlord  
  63  4:38  Drone  
  63  4:39  Drone x3  
  63  4:40  Drone  
  68  4:46  Lair  
  68  4:47  Roach x2  
  68  4:51  Roach  
  68  4:52  Roach  
  76  4:55  Drone  
  77  5:01  Roach  
  77  5:03  Overlord  
  79  5:09  Overlord  
  79  5:10  Drone  
  79  5:12  Extractor x2  
  79  5:13  Drone  
  79  5:14  Extractor, Drone x5  
  83  5:16  Overlord  
  83  5:21  Roach  
  83  5:22  Roach x2  
  89  5:30  Drone x7  
  94  5:45  Hatchery  
  94  5:49  Drone  
  95  5:50  Drone x10  
  95  5:56  Zerg Missile Weapons Level 1, Extractor  
  103  5:57  Extractor  
  103  6:01  Overlord  
  102  6:05  Roach  
  102  6:06  Roach x4  
  112  6:21  Roach x6  
  112  6:24  Glial Reconstitution  
  122  6:27  Overlord  
  122  6:41  Overlord x2  
  122  6:47  Infestation Pit, Spire, Roach x3  
  122  6:48  Roach x2  
  122  6:51  Overlord  
  130  7:02  Drone  
  130  7:03  Drone x9  
  130  7:07  Overlord  
  140  7:13  Drone x3  
  143  7:18  Drone  
  143  7:21  Overseer  
  144  7:25  Extractor  
  144  7:29  Roach x5  
  153  7:36  Extractor  
  147  7:39  Hatchery  
  104  7:52  Drone x3  
  104  7:58  Mutalisk x9  
  125  8:15  Drone x4  
  125  8:16  Drone x6  
  135  8:26  Roach x4  
  140  8:30  Drone  
  140  8:39  Drone x6  
Tags
 
Add a new tag
Caveats
  • Supply blocks, unpowered buildings, or Contaminate may cause inaccurate times.
  • Supply counts are checked every 10 seconds.